 Dungeon Crawl Stone Soup version 0.19.5 (webtiles) character file.

126 equalderp2856 the Skirmisher (level 4, -1/37 HPs)
             Began as a Mummy Fighter on Mar 31, 2017.
             Killed by divine providence
             ... invoked by an orc priest
              (15 damage)
             ... on level 3 of the Dungeon.
             The game lasted 00:03:24 (1972 turns).

equalderp2856 the Skirmisher (Mummy Fighter)        Turns: 1972, Time: 00:03:24

Health: -1/37      AC:  6    Str: 20    XL:     4   Next: 83%
Magic:  4/4        EV:  5    Int:  7    God:
Gold:   70         SH: 15    Dex: 11    Spells: 0 memorised, 3 levels left

rFire  x . .     SeeInvis .     a - +0 long sword
rCold  + . .     Gourm    .     b - +0 scale mail
rNeg   + + +     Faith    .     g - +2 large shield
rPois  ∞         Spirit   .     (no helmet)
rElec  .         Reflect  .     (no cloak)
rCorr  .         Harm     .     (no gloves)
MR     .....                    (no boots)
Stlth  ..........               (no amulet)
                                (no ring)
                                (no ring)

@: no status effects
A: no food or potions, fire vulnerability, cold resistance 1, negative energy
resistance 3, torment resistance, unbreathing
a: no special abilities


You were on level 3 of the Dungeon.
You were not hungry.

You visited 1 branch of the dungeon, and saw 4 of its levels.

You collected 70 gold pieces.

Inventory:

Hand Weapons
 a - a +0 long sword (weapon)
Armour
 b - a +0 scale mail (worn)
 c - a +0 shield
 g - a +2 large shield (worn)
Scrolls
 d - a scroll of blinking {unknown}
 e - a scroll of teleportation {unknown}
 f - 3 scrolls of immolation {unknown}


   Skills:
 + Level 3.7 Fighting
 + Level 2.3 Long Blades
 + Level 3.0 Armour
 + Level 1.0 Dodging
 + Level 0.1 Stealth
 + Level 3.0 Shields


You had 3 spell levels left.
You didn't know any spells.

Dungeon Overview and Level Annotations

Branches:
Dungeon (4/15)
 Temple: D:4-7

Altars:


Innate Abilities, Weirdness & Mutations

You do not eat or drink.
Your flesh is vulnerable to fire.
You are immune to poison.
Your flesh is cold resistant. (rC+)
You are immune to negative energy. (rN+++)
You are immune to unholy pain and torment.
You can survive without breathing.


Message History

You hit the goblin.
The goblin is heavily wounded.
The goblin hits you but does no damage.
You closely miss the goblin.
The goblin is heavily wounded.
You block the goblin's attack. The goblin barely misses you.
You closely miss the goblin.
The goblin is heavily wounded.
You block the goblin's attack.
You barely miss the goblin.
The goblin is heavily wounded.
You block the goblin's attack. x2
You closely miss the goblin.
The goblin is heavily wounded.
The goblin hits you but does no damage.
You slash the goblin!
You kill the goblin!
The orc priest invokes the aid of Beogh against you.
Beogh smites you!
You die...

#.#..#..##..#
#.#..#..##..##
#####.#..#..##....
......)........##
#######.##......#
#.###†##..# #.#
#.##..# .# #.#
#...(.###..# ..#
#..##.@)K.# ###
#..#####o..# #..#
..... #... ....
##.# ... #.# ..
#.# . #####.


You could see an orc priest and a kobold.

Vanquished Creatures
  A crimson imp (D:3)
  2 adders
  An ooze (D:1)
  2 worms
  A dart slug (D:1)
  4 leopard geckos
  4 orcs (D:3)
  7 bats
  5 giant cockroaches
  5 goblins
  7 hobgoblins
  3 frilled lizards (D:1)
  4 kobolds
  6 rats
52 creatures vanquished.

Notes
Turn   | Place    | Note
-------+----------+-------------------------------------------
     0 | D:1      | equalderp2856 the Mummy Fighter began the quest for the Orb.
     0 | D:1      | Reached XP level 1. HP: 18/18 MP: 1/1
   162 | D:1      | Reached XP level 2. HP: 22/24 MP: 2/2
   514 | D:1      | Reached XP level 3. HP: 29/29 MP: 3/3
  1500 | D:2      | You fall through a shaft for 2 floors!
  1537 | D:3      | Found a faded altar of an unknown god.
  1788 | D:3      | Reached skill level 1 in Dodging
  1788 | D:3      | Reached XP level 4. HP: 30/36 MP: 4/4
  1972 | D:3      | Killed from afar by an orc priest

Skill      XL: |  1  2  3  4 |
---------------+-------------+-----
Long Blades    | 2 |  2.3
Dodging        | 1 |  1.0
Armour         | 3 |  3.0
Shields        | 3 |  3.0
Fighting       | |  3.7
Stealth        | |  0.1

Action                   |  1- 3 |  4- 6 || total
-------------------------+-------+-------++-------
Melee: Long sword        |   205 |    43 ||   248
Armor: Scale mail        |   109 |    11 ||   120
Dodge: Dodged            |    71 |     7 ||    78
Block: Shield            |   100 |       ||   100
       Large shield      |    62 |    36 ||    98
       Rpst.: Long sword |    20 |     1 ||    21
